cohdb
Replays
Latest Replays
All Replays
Popular Replays
Top Player Replays
Match Explorer
How It Works
Community
CoH3 Stats
Reddit
Sign in to upload your games and track your stats! →
Sign in with Steam
Match 41344637
Unlisted
Match 41344637
Overview
Messages
Build Orders
End
Royal Engineer Section
Selects Canadian Shock Battlegroup
Vickers Machine Gun Team
Vickers Machine Gun Team
Construct Section Command Post
Infantry Section
Construct Field Infirmary
Selects Attacking Spirit
Infantry Section
Construct Platoon Command Post
Selects Canadian Shock Section
Canadian Shock Section
Selects Burnout
6-pounder Anti-tank Gun Team
Unlock M3 Stuart Light Tanks
Grenade Package
Infantry Training
M3 Stuart Light Tank
Tea
REGULATOR
0
0
Comments
sign in to comment!
No comments posted yet!